 Dungeon Sprint DCSS version 0.31-a0-1376-g36f0627844 (webtiles) character file.

Game seed: 11962647207553620836

578 Groucho the Unseen (level 7, -5/36 HPs)
             Began as a Felid Berserker on Dec 24, 2023.
             Was a Believer of Trog.
             Slain by a centaur warrior (9 damage)
             ... in the Dungeon (Sprint I: "Red Sonja").
             The game lasted 00:01:26 (183 turns).

Groucho the Unseen (Felid Berserker)                 Turns: 183, Time: 00:01:27

Health: -5/36      AC:  2    Str: 13    XL:     7   Next: 13%
Magic:  8/8        EV: 19    Int: 10    God:    Trog [**....]
Gold:   316        SH:  0    Dex: 18    Spells: 6/6 levels left
                                        Lives:  0   Deaths: 2

rFire   . .          .
                       - Unarmed
rCold   . . .        (shield unavailable)
rNeg    . . .        (body armour unavailable)
rPois   .            (helmet unavailable)
rElec   .            (cloak unavailable)
rCorr   .            (gloves unavailable)
SInv    +            (boots unavailable)
Will    +....        (no amulet)
Stlth   ++++++++     (no ring)
HPRegen 0.26/turn    (no ring)
MPRegen 0.11/turn

%: no teleportation
@: no status effects
A: very small, claws 1, fangs 3, see invisible, shaggy fur 2, stealthy paws, no
weapons or thrown items, no armour, multi-lived
a: Renounce Religion, Berserk, Trog's Hand


You were in the Dungeon.
You worshipped Trog.
Trog was pleased with you.
You visited 1 branch You collected 316 gold pieces.

Inventory:

Wands
 g - a wand of iceblast (11)
 h - a wand of flame (14)
Potions
 a - a potion of curing
 c - a potion of haste
 d - 2 potions of magic


   Skills:
 + Level 3.0 Fighting
 + Level 4.0 Dodging
 + Level 20.7 Stealth
 + Level 3.0 Unarmed Combat


You had 6 spell levels left.
You didn't know any spells.
Your spell library was empty.

Dungeon Overview and Level Annotations

Branches:
Dungeon (1/1)

Altars:
Cheibriados
Dithmenos
Elyvilon
Fedhas
Gozag
Hepliaklqana
Kikubaaqudgha
Makhleb
Nemelex Xobeh
Okawaru
Qazlal
Ru
Sif Muna
Trog
Uskayaw
Vehumet
Wu Jian
Xom
Yredelemnul
Zin
The Shining One
Jiyva
Lugonu

Shops:
D (


Innate Abilities, Weirdness & Mutations

You have sharp claws.
You have razor-sharp teeth.
You have supernaturally acute eyesight. (SInv)
You are covered in thick fur. (AC +2)
Your paws help you pounce on unaware monsters.
You are incapable of wielding weapons or throwing items.
You cannot wear armour.
You gain extra lives every three experience levels.


Message History

The arrow burns you!
You die...
You rejoin the land of the living...
Unknown command.
Things that are here:
a +1 scythe of distortion; a +0 robe; the human corpse of Sigmund
There is an open door here.
There is an open door here.
Your skin crawls.
You feel strong-willed.
You see here a +0 scale mail.
There is an open door here.
You see here a +0 scale mail.
There is an open door here.
You start waiting.
You feel the effects of Trog's Hand fading.
You start waiting.
Your skin stops crawling.
You feel less strong-willed.
You start waiting.
A centaur warrior is nearby!
The centaur warrior shoots an arrow.
The arrow hits you! The arrow burns you.
You scratch the centaur warrior but do no damage.
You bite the centaur warrior, but do no damage.
The centaur warrior unwields a +0 shortbow of flaming.
It stops flaming.
The centaur warrior hits you. The centaur warrior kicks you.
You scratch the centaur warrior. You claw the centaur warrior.
The centaur warrior is lightly wounded.
The centaur warrior hits you. The centaur warrior barely misses you.
You claw the centaur warrior!
The centaur warrior is moderately wounded.
The centaur warrior hits you but does no damage.
The centaur warrior barely misses you. The centaur warrior hits you!
* * * LOW HITPOINT WARNING * * *
The centaur warrior kicks you.
* * * LOW HITPOINT WARNING * * *
Unknown command.
You barely miss the centaur warrior.
The centaur warrior is moderately wounded.
The centaur warrior hits you!
You die...

###################
#<.#..)..#.)'..#__#
#..').#..'..#..'..+
#..#####'#####'#__####
#..####..#...#@####$?#
#..#__####..##c#§§~..#
#..#_____##'#§§§§§~§c+
#⌠⌠#_.∩...'..†_#~§§.§#
####_..__##_.#'##+####
#_____###+#[# #######
###


You could see a centaur warrior.

Vanquished Creatures
  Sigmund (D)
  A slime creature (D)
  A yak (D)
  An ogre (D)
  A jelly (D)
  Ijyb (D)
6 creatures vanquished.

Notes
Turn   | Place    | Note
-------+----------+-------------------------------------------
     0 | D        | Groucho the Felid Berserker began the quest for the Orb.
     0 | D        | Reached XP level 1. HP: 12/12 MP: 2/2
     2 | D        | Noticed Ijyb
     7 | D        | Killed Ijyb
     8 | D        | Reached skill level 8 in Stealth
     8 | D        | Reached XP level 2. HP: 16/16 MP: 3/3
    47 | D        | Noticed an ogre
    53 | D        | Killed an ogre
    54 | D        | Reached skill level 12 in Stealth
    54 | D        | Reached XP level 3. HP: 20/20 MP: 4/4
    54 | D        | Reached XP level 4. HP: 24/24 MP: 5/5
    69 | D        | Noticed Sigmund
    71 | D        | Killed Sigmund
    71 | D        | Reached ** piety under Trog
    72 | D        | Reached skill level 16 in Stealth
    72 | D        | Reached XP level 5. HP: 28/28 MP: 6/6
    85 | D        | Found a shimmering blue altar of Sif Muna.
    86 | D        | Found an ornate altar of the Wu Jian Council.
    87 | D        | Found a radiant altar of Vehumet.
    92 | D        | Reached skill level 17 in Stealth
    92 | D        | Gained mutation: You are covered in thick fur. (AC +2)
                  | [Felid growth]
    92 | D        | Reached XP level 6. HP: 32/32 MP: 7/7
    94 | D        | Found Curr's Weapon Emporium.
    94 | D        | Found an ancient bone altar of Kikubaaqudgha.
    94 | D        | Found a hazy altar of Hepliaklqana.
    94 | D        | Found a stormy altar of Qazlal.
    94 | D        | Found a hide-covered altar of Uskayaw.
    94 | D        | Found a blossoming altar of Fedhas.
    94 | D        | Found a bloodstained altar of Trog.
    94 | D        | Found an iron altar of Okawaru.
    94 | D        | Found a basalt altar of Yredelemnul.
    94 | D        | Found a glowing golden altar of the Shining One.
    94 | D        | Found a snail-covered altar of Cheibriados.
    94 | D        | Found a sacrificial altar of Ru.
    94 | D        | Found a glowing silver altar of Zin.
    94 | D        | Found a shadowy altar of Dithmenos.
    94 | D        | Found a white marble altar of Elyvilon.
    94 | D        | Noticed a yak
    95 | D        | Found an opulent altar of Gozag.
    96 | D        | Killed a yak
    97 | D        | Reached skill level 19 in Stealth
    97 | D        | Found a sparkling altar of Nemelex Xobeh.
   134 | D        | Found a burning altar of Makhleb.
   134 | D        | Found a shimmering altar of Xom.
   134 | D        | Noticed a slime creature
   135 | D        | Found a viscous altar of Jiyva.
   135 | D        | Found a corrupted altar of Lugonu.
   137 | D        | Killed a slime creature
   138 | D        | Reached skill level 20 in Stealth
   138 | D        | Reached XP level 7. HP: 36/36 MP: 8/8
   144 | D        | Noticed a centaur warrior
   144 | D        | Noticed a centaur warrior
   147 | D        | HP: 1/54 [centaur warrior (3)]
   147 | D        | Slain by a centaur warrior
   151 | D        | Shot with an arrow by a centaur warrior
   183 | D        | Slain by a centaur warrior

Illustrated notes

Levels and vault maps discovered:
D:        dungeon_sprint_1 [red_sonja_temple_1, red_sonja_temple_small_1]

Skill      XL: |  1  2  3  4  5  6 |
---------------+-------------------+-----
Stealth        | 8 12 16 17 20 | 20.7
Fighting       | |  3.0
Dodging        | |  4.0
Unarmed Combat | |  3.0

Action                     |  1- 3 |  4- 6 |  7- 9 || total
---------------------------+-------+-------+-------++-------
  Melee: Unarmed           |     6 |     4 |     4 ||    14
         Punch             |     1 |       |     1 ||     2
         Bite              |       |       |     1 ||     1
 Invoke: Berserk           |     1 |       |       ||     1
         Trog's Hand       |       |       |     2 ||     2
    Use: Potion            |       |       |     2 ||     2
         Scroll            |       |       |     1 ||     1
   Stab: Sleeping          |     1 |     4 |       ||     5
 Armour: Skin              |     1 |       |    22 ||    23
  Dodge: Dodged            |     3 |       |    14 ||    17

Table legend: (Time is in decaauts)
 A = Elapsed time spent in this place.
 B = Non-inter-level travel time spent in this place.
 C = Inter-level travel time spent in this place.
 D = Time resting spent in this place.
 E = Time spent auto-exploring this place.
 F = Levels seen in this place.
 G = Mean time per level.
                   A        B        C        D        E       F      G
               +--------+--------+--------+--------+--------+-----+--------+
         Total |    190 |    190 |      0 |     61 |      0 |   1 |  190.0 |
       Dungeon |    190 |    190 |      0 |     61 |      0 |   1 |  190.0 |
               +--------+--------+--------+--------+--------+-----+--------+

Top non-repeatable levels by time:
       D: 190 daAuts
